 Dungeon Crawl Stone Soup version 0.32-a0-306-gfed3edf829 (webtiles) character file.

Game seed: 14510455875285191388

2534 oldriver the Magician (level 9, -2/66 HPs)
             Began as a Demonspawn Conjurer on Feb 15, 2024.
             Was an Initiate of Gozag.
             Slain by a gnoll bouda
             ... wielding a +0 spear
              (5 damage)
             ... on level 7 of the Dungeon.
             The game lasted 00:11:35 (7618 turns).

oldriver the Magician (Demonspawn Conjurer)         Turns: 7618, Time: 00:11:38

Health: -2/66      AC: 11    Str: 12    XL:     9   Next: 30%
Magic:  10/19      EV: 13    Int: 22    God:    Gozag
Gold:   460        SH:  4    Dex: 14    Spells: 10/21 levels left

rFire   + + .        m - +6 war axe "Uwur" {holy, rElec rF++ Str+3}
rCold   + . .        (no shield)
rNeg    . . .        t - +3 leather armour of Cocytus {rC+ Dex+3}
rPois   .            (helmet restricted)
rElec   +            i - +0 cloak
rCorr   +            (no gloves)
SInv    .            (no boots)
Will    +....        q - amulet of magic regeneration
Stlth   +++          s - ring of resist corrosion
HPRegen 0.31/turn    (no ring)
MPRegen 0.56/turn

%: no passive effects
@: brilliant, gold aura, enlightened, flying
A: horns 1, icemail 1, big brain 1, condensation shield, demonic magic 1, dopey
1
a: Renounce Religion, Potion Petition, Call Merchant, Bribe Branch


You were on level 7 of the Dungeon.
You worshipped Gozag.
Gozag was aware of your devotion.
You visited 2 branches of the dungeon, and saw 8 of its levels.
You also visited: Ossuary.

You collected 524 gold pieces.
You paid 64 gold pieces to Gozag.

Inventory:

Hand Weapons
 h - a +4 dagger of venom
 m - the +6 war axe "Uwur" (weapon) {holy, rElec rF++ Str+3}
   (You found it on level 6 of the Dungeon)

   Str+3:     It affects your strength (+3).
   rF++:      It greatly protects you from fire.
   rElec:     It insulates you from electricity.
Armour
 a - a +0 robe
 i - a +0 cloak (worn)
 t - the +3 leather armour of Cocytus (worn) {rC+ Dex+3}
   (You found it on level 7 of the Dungeon)

   Dex+3:     It affects your dexterity (+3).
   rC+:       It protects you from cold.
 w - an orb of light
Magical Staves
 j - the staff "Colubuj" {rPois rC+ Ice}
   (You acquired it on level 5 of the Dungeon)

   [staff of cold]

   Base accuracy: +5 Base damage: 5 Base attack delay: 1.2 This weapon's minimum
   attack delay (0.6) is reached at skill level 12.
   rC+:       It protects you from cold.
   rPois:     It protects you from poison Ice: It increases the power of your
   Ice spells.
   It falls into the 'Staves' category.
   It is a one-handed weapon.
Jewellery
 q - an amulet of magic regeneration (around neck)
 s - a ring of resist corrosion (left hand)
Wands
 c - a wand of polymorph (14)
 u - a wand of charming (11)
Scrolls
 l - a scroll of fear
Potions
 d - 2 potions of haste
 g - a potion of might
 o - a potion of degeneration


   Skills:
 + Level 4.7 Fighting
 + Level 4.7 Dodging
 + Level 5.0 Stealth
 * Level 6.7 Spellcasting
 + Level 6.2 Conjurations
 + Level 3.1 Translocations


You had 10 spell levels left.
You knew the following spells:

 Your Spells              Type           Power      Damage    Failure   Level
a - Magic Dart            Conj           100%       1d8       1%          1
b - Searing Ray           Conj           100%       2d8       1%          2
p - Fulminant Prism       Conj/Alch      15%        3d10      30%         4
z - Iskenderun's Mystic   Conj/Tloc      42%        2d10      16%         4

Your spell library contained the following spells:

 Spells                   Type           Power      Damage    Failure   Level
 Apportation              Tloc           62%        N/A       3%          1
 Sting                    Conj/Alch      100%       1d9       3%          1
 Blink                    Tloc           62%        N/A       4%          2
 Necrotise                Necr           44%        1d6       11%         1
 Summon Small Mammal      Summ           44%        N/A       11%         1
 Call Imp                 Summ           22%        N/A       16%         2
 Fireball                 Conj/Fire      15%        3d8       63%         5
 Cause Fear               Hex            5%         N/A       71%         4
 Dragon's Call            Summ           5%         N/A       100%        9


Dungeon Overview and Level Annotations

Branches:
Dungeon (7/15)             Temple (1/1) D:5         Ossuary (visited)

Altars:
Ashenzari
Cheibriados
Fedhas
Gozag
Hepliaklqana
Kikubaaqudgha
Makhleb
Nemelex Xobeh
Okawaru
Qazlal
Ru
Sif Muna
Trog
Uskayaw
Vehumet
Wu Jian
Xom
Yredelemnul

Shops:
D:6 *

Annotations:
D:3 1 runed translucent door, BubbleThief's ghost, amateur OnAE
D:7 1 transporter, partyrob117's ghost, novice MiBe


Innate Abilities, Weirdness & Mutations

You have a pair of small horns on your head.
A meltable icy envelope protects you from harm. (AC +4)
You have an unusually large brain. (Int +2)
A meltable shield of frost defends you. (SH +4)
Spells you cast may paralyse adjacent enemies.
You are dopey. (Int -2)


Message History

Your bullfrog hits partyrob117's ghost.
Your water moccasin barely misses partyrob117's ghost.
The gnoll bouda hits you but does no damage.
Partyrob117's ghost hits you!
* * * LOW HITPOINT WARNING * * *
It was a potion of haste.
You feel yourself speed up.
Your bullfrog hits partyrob117's ghost.
Your water moccasin closely misses partyrob117's ghost.
Your bullfrog completely misses partyrob117's ghost.
The gnoll bouda barely misses you. Partyrob117's ghost hits your bullfrog.
Your magical contamination has completely faded away.
Unknown command.
It was a potion of cancellation.
Your magical effects are unravelling.
You feel magically purged.
You feel yourself slow down.
You feel a little less mighty now.
Your water moccasin bites partyrob117's ghost!
Your bullfrog hits partyrob117's ghost but does no damage.
It was a potion of brilliance.
You feel clever all of a sudden.
Your water moccasin closely misses partyrob117's ghost.
The gnoll bouda hits you from afar with a +0 spear.
* * * LOW HITPOINT WARNING * * *
Your bullfrog hits partyrob117's ghost but does no damage.
Partyrob117's ghost hits your bullfrog.
Your water moccasin barely misses partyrob117's ghost.
It was a potion of mutation.
You feel extremely strange.
You feel stupid.
Your bullfrog hits partyrob117's ghost.
The gnoll bouda hits you but does no damage.
Partyrob117's ghost hits your bullfrog.
Your water moccasin bites partyrob117's ghost but does no damage.
Your bullfrog hits partyrob117's ghost but does no damage.
It was a potion of enlightenment.
You feel very buoyant.
You fly up into the air.
Your water moccasin barely misses partyrob117's ghost.
The gnoll bouda hits you from afar with a +0 spear.
You die...
Your body crumbles into a pile of gold.

.# .. #....# .#### #.#
##....# ...######.####
#....##
###.#..........##.##.###
....................$..#
≈≈≈≈≈≈...≈≈≈≈≈≈≈≈≈≈≈.#.#
≈≈≈≈≈≈...≈≈≈≈≈≈≈≈≈≈≈.#.#
##...........#####≈≈...#
.#.###.©.###.#.$@#≈≈...#
.###©#####.###FWS#≈≈...#
.......g....$$g###≈≈...#
.######'######.#ß.≈≈...#
.#.⌠.#..ß#.}.#.##.≈≈...#
['..h$.©⌠#:..'.W#.~~...#
.#.⌠.#$.ß#.)$#.##.≈≈.#.#
.######g######.#ß.≈≈.#.#
...............###≈≈)#.#


You could see a gnoll bouda, partyrob117's ghost (distracted, ally target), a
friendly water moccasin (summoned) and a friendly bullfrog (summoned).

Vanquished Creatures
  A water moccasin (D:6)
  Duvessa (D:7)
  An ice beast (D:5)
  5 ogres
  2 centaurs (D:6)
  3 wolves (D:7)
  A bullfrog (D:7)
  A gnoll sergeant (D:7)
  A scorpion (D:6)
  3 wights (D:7)
  Dowan (D:7)
  A centaur zombie (Ossuary)
  5 hounds
  2 bombardier beetles
  2 jellies
  A sleepcap (D:6)
  An orc priest (D:5)
  An iguana (D:4)
  Ijyb (D:5)
  An orc wizard (D:4)
  3 crocodile zombies (Ossuary)
  2 mummies (Ossuary)
  Robin (D:5)
  9 gnolls
  7 adders
  A ribbon worm zombie (D:5)
  2 white imps (D:6)
  2 ufetubi (D:6)
  A dart slug (D:1)
  A ribbon worm (D:3)
  7 orcs
  4 bats
  9 endoplasms
  A giant cockroach (D:3)
  6 hobgoblins
  3 kobolds
  3 quokkas
  5 ball pythons
  4 frilled lizards
  3 gnoll zombies (Ossuary)
  12 goblins
  A jackal zombie (D:5)
  A kobold zombie (Ossuary)
  6 rats
129 creatures vanquished.

Vanquished Creatures (collateral kills)
  Grum (D:7)
  2 gnolls (D:7)
3 creatures vanquished.

Grand Total: 132 creatures vanquished

Notes
Turn   | Place    | Note
-------+----------+-------------------------------------------
     0 | D:1      | oldriver the Demonspawn Conjurer began the quest for the
                  | Orb.
     0 | D:1      | Reached XP level 1. HP: 13/13 MP: 3/3
   137 | D:1      | Gained mutation: You have an unusually large brain. (Int
                  | +2) [demonic ancestry]
   137 | D:1      | Reached XP level 2. HP: 20/20 MP: 0/5
   319 | D:1      | Learned a level 2 spell: Searing Ray
   586 | D:1      | Reached XP level 3. HP: 25/25 MP: 3/6
   697 | D:1      | Reached skill level 1 in Fighting
  1099 | D:1      | Found a faded altar of an unknown god.
  1781 | D:2      | Found a sparkling altar of Nemelex Xobeh.
  1930 | D:2      | Gained mutation: A meltable shield of frost defends you.
                  | (SH +4) [demonic ancestry]
  1930 | D:2      | Reached XP level 4. HP: 32/32 MP: 5/8
  2326 | D:3      | Found a shimmering blue altar of Sif Muna.
  2416 | D:3      | Found a runed translucent door.
  2417 | D:3      | Noticed BubbleThief's ghost (amateur OnAE)
  2790 | D:3      | Found a sacrificial altar of Ru.
  2881 | D:3      | Reached XP level 5. HP: 33/37 MP: 1/9
  3226 | D:3      | Found a shimmering altar of Xom.
  3503 | D:4      | Learned a level 4 spell: Fulminant Prism
  3508 | D:4      | Learned a level 4 spell: Iskenderun's Mystic Blast
  3980 | D:4      | Gained mutation: Spells you cast may paralyse adjacent
                  | enemies. [demonic ancestry]
  3980 | D:4      | Reached XP level 6. HP: 38/44 MP: 5/11
  4445 | D:5      | Entered Level 5 of the Dungeon
  4446 | D:5      | Identified a scroll of acquirement
  4446 | D:5      | Acquired the staff "Colubuj" {rPois rC+ Ice}
  4539 | D:5      | Found a sand-covered staircase.
  4555 | Ossuary  | Entered an ossuary
  4895 | Ossuary  | Gained mutation: A meltable icy envelope protects you from
                  | harm. (AC +4) [demonic ancestry]
  4895 | Ossuary  | Reached XP level 7. HP: 45/51 MP: 7/13
  5096 | D:5      | Reached skill level 5 in Conjurations
  5097 | D:5      | Noticed Ijyb
  5131 | D:5      | Killed Ijyb
  5336 | D:5      | Reached skill level 5 in Spellcasting
  5466 | D:5      | Found a broken altar of Ashenzari.
  5613 | D:5      | Found a staircase to the Ecumenical Temple.
  5775 | D:5      | Reached skill level 1 in Translocations
  5782 | Temple   | Entered the Ecumenical Temple
  5807 | Temple   | Became a worshipper of Gozag Ym Sagoz the Greedy
  5948 | D:5      | Noticed Robin
  5962 | D:5      | Killed Robin
  6027 | D:5      | Gained mutation: You have a pair of small horns on your
                  | head. [demonic ancestry]
  6027 | D:5      | Reached XP level 8. HP: 46/58 MP: 7/15
  6496 | D:6      | Identified the +6 war axe "Uwur" {holy, rElec rF++ Str+3}
  6703 | D:6      | Found an ornate altar of the Wu Jian Council.
  7018 | D:6      | Found Tona's Elemental Accessories.
  7402 | D:7      | Noticed Duvessa
  7402 | D:7      | Noticed Dowan
  7410 | D:7      | Killed Dowan
  7432 | D:7      | Killed Duvessa
  7458 | D:7      | Reached XP level 9. HP: 34/66 MP: 3/18
  7487 | D:7      | Noticed Grum
  7505 | D:7      | Identified the +3 leather armour of Cocytus {rC+ Dex+3}
  7540 | D:7      | Found a transporter.
  7540 | D:7      | Found a transporter.
  7568 | D:7      | Identified the ring "Jbt Bege" {AC+4 Slay+2 SInv}
  7568 | D:7      | Noticed partyrob117's ghost (novice MiBe)
  7579 | D:7      | Killed Grum
  7580 | D:7      | Reached skill level 5 in Stealth
  7616 | D:7      | HP: 2/66 [gnoll bouda/+0 spear (4)]
  7617 | D:7      | Gained mutation: You are dopey. (Int -2) [potion of
                  | mutation]
  7618 | D:7      | Slain by a gnoll bouda

Illustrated notes

Levels and vault maps discovered:
D:1:      amcnicky_arrival_blooded_trapdoor, layout_loops_corners,
          shapermc_ecumenical_altar_mp_highgroup
D:2:      layout_basic, basic_altar, corexii_hall_statues_s
D:3:      layout_basic, mainiacjoe_overflow_boulevard,
          mainiacjoe_overflow_alcove_2, mainiacjoe_overflow_paths,
          gammafunk_ghost_grave, minmay_increasing_density
D:4:      layout_basic
D:5:      layout_loops_corners, nicolae_ashenzari_panopticon,
          minmay_temple_entry_overgrown, enter_ossuary_3, nicolae_goblin_pals
D:6:      layout_basic, lemuel_coloured_pillars_altar, minmay_misc_feat_tower,
          nicolae_elemental_shop, kennysheep_generic_room_14
D:7:      layout_basic, mainiacjoe_overflow_alcove_1, enter_bailey_2,
          gammafunk_ghost_gnarly_gnolls, uniq_duvessa
Temple:   regret_index_temple_waves

Skill      XL: |  1  2  3  4  5  6  7  8  9 |
---------------+----------------------------+-----
Stealth        | 2 3 4 5 |  5.0
Dodging        | 2 3 4 |  4.7
Fighting       | 1 2 3 4 |  4.7
Spellcasting   | 3 4 5 6 |  6.7
Conjurations   | 5 6 |  6.2
Translocations | 1 2 3 |  3.1

Action                     |  1- 3 |  4- 6 |  7- 9 || total
---------------------------+-------+-------+-------++-------
  Melee: Short sword       |    13 |       |       ||    13
         Dagger            |       |    16 |       ||    16
         Staff             |       |    10 |       ||    10
         War axe           |       |       |     6 ||     6
         Headbutt          |       |       |     2 ||     2
   Cast: Magic Dart        |    56 |   162 |   116 ||   334
         Searing Ray       |       |     8 |    27 ||    35
         Iskenderun's Myst |       |       |    17 ||    17
    Use: Scroll            |       |     6 |    10 ||    16
         Potion            |       |       |    12 ||    12
   Stab: Paralysed         |       |     2 |       ||     2
 Armour: Robe              |     8 |    30 |    36 ||    74
         Leather armour    |       |       |    27 ||    27
  Dodge: Dodged            |    10 |    21 |    78 ||   109
  Block: Other             |       |    21 |    17 ||    38

Table legend: (Time is in decaauts)
 A = Elapsed time spent in this place.
 B = Non-inter-level travel time spent in this place.
 C = Inter-level travel time spent in this place.
 D = Time resting spent in this place.
 E = Time spent auto-exploring this place.
 F = Levels seen in this place.
 G = Mean time per level.
                   A        B        C        D        E       F      G
               +--------+--------+--------+--------+--------+-----+--------+
         Total |   7619 |   7423 |    196 |    883 |   5383 |   9 |  846.6 |
       Dungeon |   7141 |   6994 |    147 |    644 |   5312 |   7 | 1020.1 |
        Temple |     50 |      1 |     49 |      0 |      0 |   1 |   50.0 |
       Ossuary |    426 |    426 |      0 |    239 |     71 |   1 |  426.0 |
               +--------+--------+--------+--------+--------+-----+--------+

Top non-repeatable levels by time:
     D:5: 1511 daAuts
     D:1: 1299 daAuts
     D:4: 1176 daAuts
     D:3: 1052 daAuts
     D:2: 950 daAuts
     D:6: 922 daAuts
 Ossuary: 426 daAuts
     D:7: 229 daAuts
  Temple: 50 daAuts
